 Dungeon Crawl Stone Soup version 0.27-a0-1532-gca18f49f40 (webtiles) character file.

Game seed: 78709211794820328

3864 dolemite99 the Cleaver (level 9, -13/71 HPs)
             Began as a Minotaur Fighter on July 12, 2021.
             Was an Initiate of Gozag.
             Mangled by a two-headed ogre (24 damage)
             ... on level 8 of the Dungeon.
             The game lasted 00:07:59 (8369 turns).

dolemite99 the Cleaver (Minotaur Fighter)           Turns: 8369, Time: 00:08:00

Health: -13/71     AC: 12    Str: 23    XL:     9   Next: 99%
Magic:  8/8        EV:  5    Int:  5    God:    Gozag
Gold:   529        SH:  9    Dex: 11    Spells: 8/8 levels left

rFire    . . .     SeeInvis +   b - +6 hand axe of Fate {flame, *Corrode rPois SInv Stlth-}
rCold    . . .     Faith    .   c - +0 kite shield
rNeg     . . .     Spirit   .   n - +2 chain mail
rPois    +         Reflect  .   (helmet restricted)
rElec    .         Harm     .   K - +0 cloak
rCorr    .         Rampage  .   (no gloves)
Will     .....                  (no boots)
Stlth    ..........             (no amulet)
HPRegen  0.21/turn              (no ring)
MPRegen  0.11/turn              (no ring)

@: mighty, marked, gold aura, studying Evocations
A: horns 2, retaliatory headbutt
a: Renounce Religion, Potion Petition, Call Merchant, Bribe Branch


You were on level 8 of the Dungeon.
You worshipped Gozag.
Gozag was pleased with you.
You visited 1 branch of the dungeon, and saw 8 of its levels.

You collected 982 gold pieces.
You spent 420 gold pieces at shops.
You paid 33 gold pieces to Gozag.

Inventory:

Hand Weapons
 a - a +2 war axe of venom
 b - the +6 hand axe of Fate (weapon) {flame, *Corrode rPois SInv Stlth-}
   (You found it on level 5 of the Dungeon)

   It has been specially enchanted to burn those struck by it, causing extra
   injury to most foes and up to half again as much damage against particularly
   susceptible opponents.
   Big, fiery blades are also staple armaments of hydra-hunters.
   rPois:     It protects you from poison.
   SInv:      It lets you see invisible.
   *Corrode:  It may corrode you when you take damage.
   Stlth:     It makes you less stealthy.
 C - a +0 war axe
 E - the +6 whip of Valour {vorpal, +Rage rPois MP+9 Int+2}
   (You found it on level 4 of the Dungeon)

   It inflicts extra damage upon your enemies.
   Int:       It affects your intelligence (+2).
   rPois:     It protects you from poison.
   MP:        It affects your magic capacity (+9).
   +Rage:     It lets you go berserk.
Missiles
 e - 51 poisoned darts
 h - 123 arrows
 k - 2 throwing nets
 p - 48 sling bullets
 O - 60 stones
Armour
 c - a +0 kite shield (worn)
 n - a +2 chain mail (worn)
 K - a +0 cloak (worn)
Magical Staves
 J - a staff of cold
Jewellery
 g - a +4 ring of slaying
 u - a +4 ring of slaying
 y - a ring of resist corrosion
 B - an amulet of regeneration
Wands
 j - a wand of iceblast (4)
 F - a wand of paralysis (10)
Scrolls
 f - 2 scrolls of fear
 m - 3 scrolls of teleportation
 o - 2 scrolls of noise {unknown}
 r - 2 scrolls of identify {@r1}
 s - 2 scrolls of blinking
 x - 4 scrolls of summoning
 G - a scroll of enchant weapon {unknown}
 M - a scroll of amnesia {unknown}
 N - a scroll of immolation {unknown}
Potions
 d - a potion of might
 i - 2 potions of degeneration {unknown}
 l - 4 potions of heal wounds
 t - a potion of cancellation {unknown}
 v - a potion of lignification {unknown}
 w - a potion of attraction {unknown}
 z - a potion of brilliance {unknown}
 A - a potion of berserk rage
 H - a potion of invisibility {unknown}
 I - a potion of mutation {unknown}
 L - 6 potions of curing


   Skills:
 + Level 3.9 Fighting
 - Level 12.8(13.1) Axes
 - Level 4.7(9.7) Maces & Flails
 - Level 3.6 Armour
 - Level 3.6 Shields
 - Level 10.6 Evocations


You had 8 spell levels left.
You didn't know any spells.
Your spell library contained the following spells:

 Spells                   Type           Power      Damage    Failure   Level
 Poisonous Vapours        Pois/Air       0%         N/A       100%        2
 Conjure Flame            Conj/Fire      0%         6-21      100%        3
 Ignite Poison            Fire/Tmut/Pois 0%         N/A       100%        3
 Mephitic Cloud           Conj/Pois/Air  0%         N/A       100%        3
 Animate Armour           Summ/Erth      0%         N/A       100%        4
 Sticky Flame             Conj/Fire      0%         2d3       100%        4
 Blade Hands              Tmut           0%         N/A       100%        5
 Freezing Cloud           Conj/Ice/Air   0%         6-21      100%        5
 Iron Shot                Conj/Erth      0%         9d1       100%        6


Dungeon Overview and Level Annotations

Branches:
Dungeon (8/15)             Temple (0/1) D:5
   Lair: D:8-11

Altars:
Elyvilon
Gozag
Kikubaaqudgha
Qazlal
Sif Muna
Wu Jian

Shops:
D:6 !


Innate Abilities, Weirdness & Mutations

You have a pair of horns on your head.
You reflexively headbutt those who attack you in melee.


Message History

Found a shimmering blue altar of Sif Muna.
You now have 529 gold pieces (gained 11).
k - 2 throwing nets You set off the alarm!
A sentinel's mark forms upon you.
You hear a howl!
You hear an angry growl.
You hear a howl!
You hear two shouts!
There is a stone staircase leading down here.
O - 59 stones (gained 1)
O - 60 stones (gained 1)
A centaur zombie comes into view.
A centaur zombie is nearby!
You block the centaur zombie's attack.
The centaur zombie kicks you but does no damage.
The centaur zombie hits you.
The centaur zombie kicks you but does no damage.
Your shield and chain mail prevent you from hitting the centaur zombie.
You block the centaur zombie's attack. The centaur zombie barely misses you.
You slash the centaur zombie! You burn the centaur zombie.
The centaur zombie is moderately damaged.
You block the centaur zombie's attack. The centaur zombie kicks you.
A two-headed ogre comes into view.
It is wielding a +0 giant spiked club and a +0 giant club.
You slash the centaur zombie! You burn the centaur zombie.
The centaur zombie is severely damaged.
You block the centaur zombie's attack. The centaur zombie kicks you.
You slash the centaur zombie! You burn the centaur zombie.
You destroy the centaur zombie!
You see here 8 gold pieces.
You feel very mighty all of a sudden.
The two-headed ogre hits you with a +0 giant spiked club!
The two-headed ogre hits you with a +0 giant club!!
You closely miss the two-headed ogre. You headbutt the two-headed ogre!!
The two-headed ogre is moderately wounded.
You slash the two-headed ogre! You burn the two-headed ogre.
You headbutt the two-headed ogre.
The two-headed ogre is almost dead.
The two-headed ogre hits you with a +0 giant spiked club!!
* * * LOW HITPOINT WARNING * * *
The two-headed ogre hits you with a +0 giant club!!
You die...
Your body crumbles into a pile of gold.

.......## .... ........#
#..## ........# ....
).......###..##
........##....# ..
).##....###..### ### ...
..).....#....._##..#..#
.##)....##8..8##......#
..##.....>......@O....#
.###...........$.......#
........................
$
#.......................
...................##...
#................### ..
##.....####+####.. .
#......# ##.. .......#
...


You could see a two-headed ogre.

Vanquished Creatures
  A two-headed ogre (D:8)
  3 kobold demonologists (D:8)
  A wyvern (D:7)
  A water moccasin (D:6)
  An ice beast (D:5)
  2 orc warriors (D:8)
  A sky beast (D:6)
  A necrophage (D:8)
  4 ogres
  3 phantoms
  A kobold brigand (D:8)
  A bullfrog (D:6)
  A scorpion (D:5)
  A water moccasin skeleton (D:4)
  6 wights (D:8)
  A howler monkey (D:5)
  A centaur zombie (D:8)
  A hound (D:6)
  A bullfrog zombie (D:6)
  2 jellies
  3 orc priests
  A centaur skeleton (D:5)
  A gnoll shaman (D:7)
  3 iguanas
  An orc wizard (D:8)
  A hound skeleton (D:5)
  3 gnolls (D:7)
  A howler monkey skeleton (D:7)
  5 adders
  2 shadow imps (D:5)
  A white imp (D:6)
  An adder skeleton (D:4)
  A dart slug (D:4)
  16 orcs
  An endoplasm (D:1)
  7 goblins
  8 hobgoblins
  3 quokkas
  3 ball pythons (D:1)
  6 bats
  4 frilled lizards
  9 kobolds
  3 rats
118 creatures vanquished.

Vanquished Creatures (collateral kills)
  3 wights (D:8)
  2 orc priests (D:8)
  An orc wizard (D:8)
  2 orcs (D:8)
8 creatures vanquished.

Vanquished Creatures (others)
  3 fungi (D:5)
  3 toadstools (D:5)
6 creatures vanquished.

Grand Total: 132 creatures vanquished

Notes
Turn   | Place    | Note
-------+----------+-------------------------------------------
     0 | D:1      | dolemite99 the Minotaur Fighter began the quest for the
                  | Orb.
     0 | D:1      | Reached XP level 1. HP: 19/19 MP: 0/0
   223 | D:1      | Reached skill level 3 in Axes
   362 | D:1      | Reached XP level 2. HP: 26/26 MP: 1/1
   744 | D:1      | Found a faded altar of an unknown god.
   832 | D:1      | Reached skill level 4 in Axes
  1072 | D:2      | Reached XP level 3. HP: 31/31 MP: 2/2
  1460 | D:3      | Found an opulent altar of Gozag.
  1637 | D:3      | Found an ancient bone altar of Kikubaaqudgha.
  2091 | D:4      | Reached skill level 5 in Axes
  2430 | D:4      | Reached XP level 4. HP: 28/39 MP: 3/3
  2720 | D:4      | Reached skill level 6 in Axes
  2725 | D:4      | Identified the +6 whip of Valour {vorpal, +Rage rPois MP+9
                  | Int+2}
  2839 | D:4      | Reached skill level 1 in Maces & Flails
  2839 | D:4      | Reached XP level 5. HP: 28/45 MP: 4/4
  3204 | D:4      | Noticed an ogre
  3219 | D:4      | Killed an ogre
  3768 | D:4      | Reached XP level 6. HP: 44/51 MP: 5/5
  4034 | D:4      | Found a stormy altar of Qazlal.
  4183 | D:3      | Became a worshipper of Gozag Ym Sagoz the Greedy
  4205 | D:5      | Entered Level 5 of the Dungeon
  4207 | D:5      | Identified the +6 hand axe of Fate {flame, *Corrode rPois
                  | SInv Stlth-}
  4387 | D:5      | Noticed an ice beast
  4401 | D:5      | Killed an ice beast
  4402 | D:5      | Reached skill level 7 in Axes
  4760 | D:5      | Reached skill level 8 in Axes
  4760 | D:5      | Reached XP level 7. HP: 51/57 MP: 6/6
  4979 | D:5      | Found a staircase to the Ecumenical Temple.
  5276 | D:5      | Found an ornate altar of the Wu Jian Council.
  5281 | D:5      | Reached skill level 9 in Axes
  5730 | D:6      | Reached skill level 10 in Axes
  5730 | D:6      | Reached XP level 8. HP: 52/64 MP: 7/7
  5795 | D:6      | Found Vaihaoq's Distillery.
  5805 | D:6      | Bought a potion of might for 56 gold pieces
  5805 | D:6      | Bought a potion of curing for 42 gold pieces
  5805 | D:6      | Bought a potion of berserk rage for 70 gold pieces
  5805 | D:6      | Bought a potion of heal wounds for 70 gold pieces
  5805 | D:6      | Bought a potion of curing for 42 gold pieces
  5805 | D:6      | Bought a potion of might for 56 gold pieces
  5805 | D:6      | Bought 2 potions of curing for 84 gold pieces
  6165 | D:6      | Reached skill level 11 in Axes
  6661 | D:7      | Found a white marble altar of Elyvilon.
  7155 | D:7      | Reached skill level 12 in Axes
  7672 | D:8      | Identified a scroll of acquirement
  7674 | D:8      | Acquired a manual of Evocations
  7704 | D:8      | Noticed a two-headed ogre
  7710 | D:8      | Killed a two-headed ogre
  7711 | D:8      | Reached XP level 9. HP: 70/70 MP: 8/8
  7868 | D:8      | Noticed a kobold demonologist
  7874 | D:8      | Noticed a kobold demonologist
  7874 | D:8      | Noticed a kobold demonologist
  7877 | D:8      | Killed a kobold demonologist
  7878 | D:8      | Noticed an orange demon
  7884 | D:8      | Killed a kobold demonologist
  7884 | D:8      | Killed a kobold demonologist
  7885 | D:8      | Reached skill level 10 in Evocations
  8348 | D:8      | Found a shimmering blue altar of Sif Muna.
  8362 | D:8      | Noticed a two-headed ogre
  8369 | D:8      | Mangled by a two-headed ogre

Illustrated notes

Levels and vault maps discovered:
D:1:      lightli_arrival_statuegarden, layout_loops_ring,
          shapermc_ecumenical_altar_mp_ritualfount, kennysheep_crisscross,
          minmay_tetromino_s4
D:2:      layout_basic, minmay_misc_feat_cross, minmay_misc_feat_more_columns
D:3:      layout_basic, nicolae_overflow_hidden_temple,
          kiku_gazebo_garden_becter, minivault_27, kennysheep_generic_room_14
D:4:      layout_basic, lemuel_crystal_altar, kennysheep_generic_room_6
D:5:      layout_loops_ring, mainiacjoe_overflow_surrounded_room,
          minmay_temple_entry_proselytizer, minmay_gold_behind_fungi,
          feat_on_display
D:6:      layout_gridville, serial_shops, shop
D:7:      layout_basic, elyvilon_altar_5
D:8:      layout_cave_pools, mainiacjoe_overflow_catwalk, minitemple,
          kennysheep_generic_room_8, uniq_grum

Skill      XL: |  1  2  3  4  5  6  7  8  9 |
---------------+----------------------------+-----
Axes           | 3 4 5 6 8 10 12 | 12.8
Maces & Flails | 1 4 |  4.7
Evocations     | 6 10 | 10.6
Fighting       | |  3.9
Armour         | |  3.6
Shields        | |  3.6

Action                   |  1- 3 |  4- 6 |  7- 9 || total
-------------------------+-------+-------+-------++-------
Melee: War axe           |    93 |    12 |    30 ||   135
       Headbutt          |     3 |    14 |    25 ||    42
       Whip              |       |    23 |       ||    23
       Hand axe          |       |    23 |    96 ||   119
Throw: Dart              |    56 |    34 |    66 ||   156
       Stone             |       |       |     6 ||     6
Evoke: Wand              |       |       |    23 ||    23
  Use: Scroll            |       |       |    10 ||    10
       Potion            |       |       |     4 ||     4
 Stab: Paralysed         |       |       |     2 ||     2
Armor: Scale mail        |    27 |       |       ||    27
       Chain mail        |    17 |    17 |    43 ||    77
Dodge: Dodged            |    29 |     9 |    17 ||    55
Block: Kite shield       |    68 |    21 |    33 ||   122

Table legend: (Time is in decaauts)
 A = Elapsed time spent in this place.
 B = Non-inter-level travel time spent in this place.
 C = Inter-level travel time spent in this place.
 D = Time resting spent in this place.
 E = Time spent auto-exploring this place.
 F = Levels seen in this place.
 G = Mean time per level.
                   A        B        C        D        E       F      G
               +--------+--------+--------+--------+--------+-----+--------+
         Total |   8425 |   8205 |    220 |   2103 |   4782 |   8 | 1053.1 |
       Dungeon |   8425 |   8205 |    220 |   2103 |   4782 |   8 | 1053.1 |
               +--------+--------+--------+--------+--------+-----+--------+

Top non-repeatable levels by time:
     D:4: 2135 daAuts
     D:5: 1330 daAuts
     D:6: 1206 daAuts
     D:1: 950 daAuts
     D:7: 824 daAuts
     D:8: 788 daAuts
     D:3: 666 daAuts
     D:2: 523 daAuts
